 Dungeon Crawl Stone Soup version 0.22-a0-247-gbddf880 (webtiles) character file.

90 nikopol the Firebug (level 4, -3/24 HPs)
             Began as a Deep Elf Fire Elementalist on Feb 24, 2018.
             Slain by a gnoll
             ... wielding a +0 club
              (4 damage)
             ... on level 2 of the Dungeon.
             The game lasted 00:06:52 (2051 turns).

nikopol the Firebug (Deep Elf Fire Elementalist)    Turns: 2051, Time: 00:06:53

Health: -3/24      AC:  3    Str:  5    XL:     4   Next: 32%
Magic:  4/12       EV: 13    Int: 21    God:
Gold:   76         SH:  0    Dex: 15    Spells: 1/11 levels left

rFire    . . .     SeeInvis .   j - +1 dagger (venom)
rCold    . . .     Gourm    .   (no shield)
rNeg     . . .     Faith    .   a - +0 robe
rPois    .         Spirit   .   (no helmet)
rElec    .         Reflect  .   (no cloak)
rCorr    .         Harm     .   o - +0 pair of gloves
MR       .....                  (no boots)
Stlth    +++.......             (no amulet)
HPRegen  0.08/turn              (no ring)
MPRegen  0.13/turn              (no ring)

@: no status effects
A: no striking features
a: no special abilities


You were on level 2 of the Dungeon.
You were not hungry.

You visited 1 branch of the dungeon, and saw 2 of its levels.

You collected 76 gold pieces.

Inventory:

Hand Weapons
 j - a +1 dagger of venom (weapon)
Armour
 a - a +0 robe (worn)
 o - a +0 pair of gloves (worn)
Scrolls
 d - a scroll of fog {unknown}
 f - a scroll of fear {unknown}
 g - 3 scrolls of teleportation {unknown}
 h - a scroll of enchant weapon {unknown}
 i - a scroll of remove curse {unknown}
 l - a scroll of identify {unknown}
 m - a scroll of blinking {unknown}
 p - a scroll of random uselessness {unknown}
Potions
 c - a potion of lignification {unknown}
 e - a potion of brilliance {unknown}
 k - a potion of might {unknown}
Comestibles
 b - 2 rations
 n - 4 chunks of flesh


   Skills:
 + Level 2.7 Dodging
 + Level 3.6 Stealth
 + Level 4.0 Spellcasting
 + Level 1.7 Conjurations
 + Level 4.2 Fire Magic


You had one spell level left.
You knew the following spells:

 Your Spells              Type           Power        Failure   Level  Hunger
a - Flame Tongue          Conj/Fire      ###..        3%          1    None
b - Throw Flame           Conj/Fire      ###...       5%          2    #......
c - Conjure Flame         Conj/Fire      ###.....     11%         3    ###....
d - Sticky Flame          Conj/Fire      ###.....     34%         4    ####...


Dungeon Overview and Level Annotations

Branches:
Dungeon (2/15)

Altars:
Kikubaaqudgha


Message History

Press: ? - help, Shift-Dir - straight line, f - gnoll
Aim: a gnoll, wielding a halberd The flame tongue misses the gnoll.
The gnoll hits you with a halberd!
Ouch! That really hurt!
Casting: Flame Tongue (safe; 3% risk of failure)
Confirm with . or Enter, or press ? or * to list all spells.
You don't know that spell.
Casting: Flame Tongue (safe; 3% risk of failure)
Confirm with . or Enter, or press ? or * to list all spells.
Aiming: Sticky Flame (quite dangerous; 34% risk of failure)
Press: ? - help, Shift-Dir - straight line, f/p - gnoll
Aim: a gnoll, wielding a halberd The sticky flame hits the gnoll.
The gnoll is moderately wounded.
The gnoll is covered in liquid flames!
The gnoll burns!
The gnoll hits you with a halberd!
* * * LOW HITPOINT WARNING * * *
The gnoll hits you with a club.
You die...

......###.......... ####
#'#...###..>....... #... ..
#.................. #... ...
.........#.###########... ...
.........#............... ...
......................... ...
......................... ....
##.##.).g................ ....
#.##..g@............†.## ..####
.#.......(.............#.
.....###.#................)....#.
.....................(...........
..................#...........÷..
..................#.......)......
..?...............#..............
..................#..............
..................#######........


You could see 2 gnolls.

Vanquished Creatures
  A gnoll (D:2)
  An adder (D:2)
  A worm (D:2)
  3 dart slugs
  3 leopard geckos
  A ball python (D:1)
  8 bats
  3 giant cockroaches
  6 goblins
  8 hobgoblins
  7 jackals
  6 frilled lizards
  A kobold (D:1)
  7 rats
56 creatures vanquished.

Notes
Turn   | Place    | Note
-------+----------+-------------------------------------------
     0 | D:1      | nikopol the Deep Elf Fire Elementalist began the quest for the Orb.
     0 | D:1      | Reached XP level 1. HP: 10/10 MP: 6/6
   188 | D:1      | Reached XP level 2. HP: 15/15 MP: 5/8
   404 | D:1      | You fall through a shaft!
   674 | D:1      | Reached XP level 3. HP: 19/19 MP: 7/9
  1178 | D:1      | Learned a level 2 spell: Throw Flame
  1182 | D:1      | Learned a level 3 spell: Conjure Flame
  1723 | D:2      | Reached XP level 4. HP: 15/24 MP: 6/11
  1729 | D:2      | Learned a level 4 spell: Sticky Flame
  2023 | D:2      | Found an ancient bone altar of Kikubaaqudgha.
  2023 | D:2      | Noticed a human
  2051 | D:2      | HP: 1/24 [gnoll/halberd (10)]
  2051 | D:2      | Slain by a gnoll

Vault maps used:
D:1:      lemuel_arrival_funnel
D:2:      tgw_kikubaaqudgha

Skill      XL: |  1  2  3  4 |
---------------+-------------+-----
Stealth        | 3 |  3.6
Fire Magic     | 4 |  4.2
Spellcasting   | 4 |  4.0
Dodging        | |  2.7
Conjurations   | |  1.7

Action                   |  1- 3 |  4- 6 || total
-------------------------+-------+-------++-------
Melee: Unarmed           |     1 |       ||     1
 Cast: Flame Tongue      |    79 |    16 ||    95
       Throw Flame       |     1 |       ||     1
       Sticky Flame      |       |     1 ||     1
  Eat: Chunk             |     2 |     1 ||     3
Armor: Robe              |    10 |     1 ||    11
Dodge: Dodged            |    26 |     2 ||    28

Table legend:
 A = Spawn XP
 B = Non-spawn XP
 C = Spawn XP percentage of total XP
 D = Spawn monster count
 E = Non-spawn monster count
 F = Spawn count percentage of total count
 G = Total turns spent on level
                    A         B        C        D         E        F      G
               +---------+---------+-------+---------+---------+-------+---------
         Total |       0 |     129 |   0.0 |       0 |      56 |   0.0 |  2051
               +---------+---------+-------+---------+---------+-------+---------
           D:1 |       0 |      56 |   0.0 |       0 |      33 |   0.0 |  1415
           D:2 |       0 |      73 |   0.0 |       0 |      23 |   0.0 |   636
               +---------+---------+-------+---------+---------+-------+---------
